 Dungeon Crawl Stone Soup version 0.26-a0-639-g72c4674329 (webtiles) character file.

Game seed: 16489622170959824033

602 DogServant the Magician (level 7, -1/36 HPs)
             Began as a Deep Elf Air Elementalist on Sept 15, 2020.
             Slain by an orc
             ... wielding a +0 short sword
              (5 damage)
             ... on level 5 of the Dungeon.
             The game lasted 00:11:06 (5144 turns).

DogServant the Magician (Deep Elf Air Elementalist) Turns: 5144, Time: 00:11:06

Health: -1/36      AC:  3    Str:  5    XL:     7   Next: 18%
Magic:  1/18       EV: 13    Int: 22    God:
Gold:   158        SH:  0    Dex: 15    Spells: 9/19 levels left

rFire    . . .     SeeInvis .   d - +1 dagger
rCold    . . .     Faith    .   (no shield)
rNeg     . . .     Spirit   .   a - +0 robe
rPois    .         Reflect  .   m - +0 hat
rElec    .         Harm     .   w - +0 cloak
rCorr    +         Rampage  .   (no gloves)
MR       +....                  (no boots)
Stlth    ++........             (no amulet)
HPRegen  0.12/turn              i - ring of protection from magic
MPRegen  0.16/turn              q - ring of resist corrosion

@: swift, quick
A: no striking features
a: no special abilities


You were on level 5 of the Dungeon.
You visited 1 branch of the dungeon, and saw 5 of its levels.

You collected 158 gold pieces.

Inventory:

Hand Weapons
 d - a +1 dagger (weapon)
Armour
 a - a +0 robe (worn)
 m - a +0 hat (worn)
 w - a +0 cloak (worn)
Jewellery
 i - a ring of protection from magic (left hand)
 q - a ring of resist corrosion (right hand)
 r - a +6 ring of strength {unknown}
Wands
 o - a wand of paralysis (6)
Scrolls
 e - 6 scrolls of identify
 g - a scroll of random uselessness {unknown}
 p - a scroll of fear {unknown}
 s - a scroll of teleportation {unknown}
 t - a scroll of remove curse {unknown}
 u - a scroll of magic mapping
 x - a scroll of enchant armour {unknown}
Potions
 c - a potion of resistance {unknown}
 f - 3 potions of haste {unknown}
 h - a potion of flight {unknown}
 j - 2 potions of stabbing {unknown}
 k - a potion of berserk rage {unknown}
 l - 4 potions of heal wounds {unknown}
 n - a potion of invisibility {unknown}
 v - a potion of magic {unknown}


   Skills:
 - Level 2.6 Dodging
 - Level 2.5 Stealth
 + Level 6.5 Spellcasting
 + Level 4.6 Conjurations
 + Level 5.4 Air Magic


You had 9 spell levels left.
You knew the following spells:

 Your Spells              Type           Power        Failure   Level
a - Shock                 Conj/Air       ####         1%          1
b - Swiftness             Air            ####....     1%          2
c - Static Discharge      Conj/Air       ####....     3%          3
d - Airstrike             Air            ####......   9%          4

Your spell library contained the following spells:

 Spells                   Type           Power        Failure   Level
 Lightning Bolt           Conj/Air       ####......   30%         5


Dungeon Overview and Level Annotations

Branches:
Dungeon (5/15)
 Temple: D:4-7

Altars:
Gozag
Nemelex Xobeh
Qazlal
Ru
Uskayaw
Xom


Message History

Casting: Swiftness (safe; 1% risk of failure)
Confirm with . or Enter, or press ? or * to list all spells.
Press: ? - help, Shift-Dir - straight line The zap misses the orc.
The orc misses you. The orc hits you.
* * * LOW HITPOINT WARNING * * *
Casting: Shock (safe; 1% risk of failure)
Confirm with . or Enter, or press ? or * to list all spells.
Aiming: Shock (safe; 1% risk of failure)
Press: ? - help, Shift-Dir - straight line The zap hits the orc.
The orc is almost dead.
The orc completely misses you. The orc hits you but does no damage.
Casting: Shock (safe; 1% risk of failure)
Confirm with . or Enter, or press ? or * to list all spells.
Aiming: Shock (safe; 1% risk of failure)
Press: ? - help, Shift-Dir - straight line The zap hits the orc but does no damage.
The orc is almost dead.
The orc hits you with a +0 short sword.
You die...

#.....(...o....#
#..#...##..###.#
#..#...##(.# #.#
#.##...##..# #.#
#..........###.#
#..............#
'##.##..###..###.#
........###..###.##
#..........so@o..#
##.###..###.####.##
........###.# #.#
##...<...##.# #.#
#.####.###.# #.# #
#.# #.# #.# #.# #.#
### ##.# #.#
#.###..###.#


You could see a scorpion and 2 orcs.

Vanquished Creatures
  A centaur (D:5)
  3 wights (D:4)
  5 hounds
  2 worker ants (D:4)
  3 adders
  8 gnolls
  2 ufetubi (D:5)
  An ooze (D:2)
  A worm (D:3)
  4 dart slugs
  3 leopard geckos
  3 orcs
  8 bats
  6 giant cockroaches
  2 goblins (D:2)
  5 hobgoblins
  8 jackals
  3 kobolds
  2 quokkas (D:2)
  3 frilled lizards
  6 rats
79 creatures vanquished.

Notes
Turn   | Place    | Note
-------+----------+-------------------------------------------
     0 | D:1      | DogServant the Deep Elf Air Elementalist began the quest
                  | for the Orb.
     0 | D:1      | Reached XP level 1. HP: 10/10 MP: 6/6
   284 | D:1      | Reached XP level 2. HP: 11/15 MP: 0/8
  1241 | D:1      | Reached XP level 3. HP: 19/19 MP: 3/10
  1677 | D:2      | Reached skill level 4 in Spellcasting
  1891 | D:2      | Reached XP level 4. HP: 14/24 MP: 2/12
  2465 | D:3      | Found a faded altar of an unknown god.
  3113 | D:3      | Found a shimmering altar of Xom.
  3115 | D:3      | Found a sparkling altar of Nemelex Xobeh.
  3115 | D:3      | Found a stormy altar of Qazlal.
  3115 | D:3      | Found a sacrificial altar of Ru.
  3120 | D:3      | Found a hide-covered altar of Uskayaw.
  3357 | D:4      | Reached XP level 5. HP: 28/28 MP: 8/14
  3361 | D:4      | Learned a level 2 spell: Swiftness
  3365 | D:4      | Learned a level 3 spell: Static Discharge
  3412 | D:4      | Reached skill level 5 in Spellcasting
  3601 | D:5      | Entered Level 5 of the Dungeon
  3731 | D:4      | Reached XP level 6. HP: 11/32 MP: 9/16
  4228 | D:4      | Learned a level 4 spell: Airstrike
  4299 | D:4      | Reached skill level 5 in Air Magic
  4314 | D:4      | Reached skill level 6 in Spellcasting
  4856 | D:4      | Found an opulent altar of Gozag.
  5097 | D:5      | Reached XP level 7. HP: 36/36 MP: 13/18
  5144 | D:5      | Slain by an orc

Illustrated notes

Levels and vault maps discovered:
D:1:      dpeg_arrival_snail, layout_basic, minmay_misc_feat_room
D:2:      layout_rooms
D:3:      wander_river, layout_loops_cross, minitemple,
          chequers_ecumenical_altar_simple
D:4:      layout_cave_pools, nicolae_overflow_crystal_walls
D:5:      minmay_recursive_quarters, layout_basic,
          minmay_temple_entry_gardened_gates, kb_lookout_dungeons_type,
          minivault_25, uniq_ijyb, uniq_menkaure, uniq_eustachio, uniq_duvessa

Skill      XL: |  1  2  3  4  5  6 |
---------------+-------------------+-----
Spellcasting   | 4 5 6 |  6.5
Conjurations   | 2 3 4 |  4.6
Air Magic      | 4 5 |  5.4
Dodging        | |  2.6
Stealth        | |  2.5

Action                   |  1- 3 |  4- 6 |  7- 9 || total
-------------------------+-------+-------+-------++-------
Melee: Dagger            |       |       |     1 ||     1
 Cast: Shock             |    92 |   121 |     9 ||   222
       Static Discharge  |       |     8 |       ||     8
       Swiftness         |       |     2 |     2 ||     4
       Airstrike         |       |       |     2 ||     2
  Use: Scroll            |       |     4 |     1 ||     5
Armor: Robe              |     5 |     2 |     1 ||     8
Dodge: Dodged            |    31 |    23 |     7 ||    61

Table legend: (Time is in decaauts)
 A = Elapsed time spent in this place.
 B = Non-inter-level travel time spent in this place.
 C = Inter-level travel time spent in this place.
 D = Time resting spent in this place.
 E = Time spent auto-exploring this place.
 F = Levels seen in this place.
 G = Mean time per level.
                   A        B        C        D        E       F      G
               +--------+--------+--------+--------+--------+-----+--------+
         Total |   5162 |   5067 |     95 |   1642 |   2877 |   5 | 1032.4 |
       Dungeon |   5162 |   5067 |     95 |   1642 |   2877 |   5 | 1032.4 |
               +--------+--------+--------+--------+--------+-----+--------+

Top non-repeatable levels by time:
     D:1: 1597 daAuts
     D:3: 1334 daAuts
     D:4: 1129 daAuts
     D:2: 832 daAuts
     D:5: 268 daAuts
